 Dungeon Crawl Stone Soup version 0.28.0-62-gf88900778d (webtiles) character file.

Game seed: 12262321727347152213

46 cbfl8 the Skirmisher (level 3, 0/29 HPs)
             Began as a Demonspawn Fighter on Mar 25, 2024.
             Slain by a gnoll
             ... wielding a +0 flail
              (6 damage)
             ... on level 1 of the Dungeon.
             The game lasted 00:01:25 (1657 turns).

cbfl8 the Skirmisher (Demonspawn Fighter)           Turns: 1657, Time: 00:01:26

Health: 0/29       AC:  6    Str: 16    XL:     3   Next: 46%
Magic:  3/3        EV:  8    Int:  9    God:
Gold:   57         SH:  5    Dex: 14    Spells: 2/2 levels left

rFire   . . .      SeeInvis .   a - +0 war axe
rCold   . . .      Faith    .   c - +0 buckler
rNeg    . . .      Spirit   .   b - +0 scale mail
rPois   .          Reflect  .   (helmet restricted)
rElec   .          Harm     .   (no cloak)
rCorr   .          Rampage  .   (no gloves)
Will    .....                   (no boots)
Stlth   ..........              (no amulet)
HPRegen 0.09/turn               (no ring)
MPRegen 0.08/turn               (no ring)

@: no status effects
A: horns 1
a: no special abilities


You were on level 1 of the Dungeon.
You visited 1 branch of the dungeon, and saw 2 of its levels.

You collected 57 gold pieces.

Inventory:

Hand Weapons
 a - a +0 war axe (weapon)
Armour
 b - a +0 scale mail (worn)
 c - a +0 buckler (worn)
Scrolls
 f - a scroll of magic mapping {unknown}
 g - a scroll of teleportation {unknown}
 i - a scroll of summoning {unknown}
Potions
 d - a potion of might
 e - a potion of attraction {unknown}
 h - a potion of heal wounds {unknown}


   Skills:
 + Level 3.3 Fighting
 + Level 2.3 Axes
 + Level 3.1 Armour
 + Level 2.9 Shields
 * Level 1.0 Evocations


You had 2 spell levels left.
You didn't know any spells.
Your spell library was empty.

Dungeon Overview and Level Annotations

Branches:
Dungeon (2/15)

Altars:


Innate Abilities, Weirdness & Mutations

You have a pair of small horns on your head.


Message History

The adder is heavily wounded.
You feel sick. The adder bites you but does no damage.
You block the adder's attack.
Unknown command.
You slash the adder!
You kill the adder!
You feel sick.
You are no longer poisoned.
Your Evocations skill increases to level 1!
Unknown command.
No target in view!
Unknown command.
You start resting.
HP restored.
You start waiting.
Done waiting.
You climb downwards.
The gnoll barely misses you. You block the gnoll's attack.
There is a stone staircase leading up here.
The gnoll hits you with a +0 flail.
You climb upwards.
There is a stone staircase leading down here.
You barely miss the gnoll. The gnoll hits you with a +0 flail.
Unknown command.
You hit the gnoll. You headbutt the gnoll.
The gnoll is moderately wounded.
The gnoll closely misses you. The gnoll hits you but does no damage.
You closely miss the gnoll.
The gnoll is moderately wounded.
The gnoll barely misses you.
You barely miss the gnoll. You headbutt the gnoll!
The gnoll is almost dead.
The gnoll closely misses you. The gnoll hits you with a +0 flail!
You hit the gnoll.
The gnoll is almost dead.
The gnoll hits you with a +0 flail!
* * * LOW HITPOINT WARNING * * *
You barely miss the gnoll.
The gnoll is almost dead.
The gnoll hits you with a +0 flail.
You die...

#.# #.#######.# #.# #.#
#.........# #.# #.#
########..####.# #.#
#...........# #.#
#...........# #########.#
#...........# #.........#
#####..####)# ###.#######
########..####.# #.#
#@g............# #.#
#.#######.###..# #.# #.#
#.###..### #.#
#.#######.#....#.. #.#
#................# #.#
#########'#+#...##
#.#############.........#.#.
#.............'......)..#.#.
################.........#.##


You could see a gnoll.

Vanquished Creatures
  An adder (D:1)
  A gnoll (D:2)
  A dart slug (D:1)
  3 ball pythons (D:1)
  An endoplasm (D:1)
  A giant cockroach (D:2)
  2 goblins
  2 hobgoblins (D:1)
  2 jackals (D:1)
  A quokka (D:1)
  A bat (D:1)
  2 frilled lizards (D:1)
  6 kobolds
  3 rats (D:1)
27 creatures vanquished.

Notes
Turn   | Place    | Note
-------+----------+-------------------------------------------
     0 | D:1      | cbfl8 the Demonspawn Fighter began the quest for the Orb.
     0 | D:1      | Reached XP level 1. HP: 18/18 MP: 1/1
   253 | D:1      | Gained mutation: You have a pair of small horns on your
                  | head. [demonic ancestry]
   253 | D:1      | Reached XP level 2. HP: 24/24 MP: 2/2
  1093 | D:2      | Reached XP level 3. HP: 19/29 MP: 3/3
  1468 | D:1      | Reached skill level 1 in Evocations
  1657 | D:1      | Slain by a gnoll

Illustrated notes

Levels and vault maps discovered:
D:1:      dpeg_arrival_three_same_balls, layout_basic
D:2:      layout_loops_ring, basic_altar, nicolae_ecumenical_pavilion,
          roderic_cross_of_infinity

Skill      XL: |  1  2  3 |
---------------+----------+-----
Axes           | 2 |  2.3
Armour         | 3 |  3.1
Evocations     | 1 |  1.0
Fighting       | |  3.3
Shields        | |  2.9

Action                   || total
-------------------------++-------
Melee: War axe           ||    67
       Headbutt          ||     7
Armor: Scale mail        ||    58
Dodge: Dodged            ||    41
Block: Buckler           ||    26
